 Seeded DCSS version 0.30.1-6-gbe392663c4 (webtiles) character file.

Game seed: 1416809328348268147 (custom seed)

31 Psyclone the Firebug (level 3, -1/19 HPs)
             Began as a Deep Elf Fire Elementalist on Sept 21, 2023.
             Shot with an arrow by a centaur (8 damage)
             ... on level 4 of the Dungeon.
             The game lasted 00:03:11 (963 turns).

Psyclone the Firebug (Deep Elf Fire Elementalist)    Turns: 963, Time: 00:03:12

Health: -1/19      AC:  3    Str:  5    XL:     3   Next: 7%
Magic:  9/9        EV: 12    Int: 27    God:
Gold:   105        SH:  0    Dex: 15    Spells: 7/8 levels left

rFire   . . .        h - +0 short sword
rCold   . . .        (no shield)
rNeg    . . .        a - +0 robe
rPois   .            j - +0 helmet
rElec   .            (no cloak)
rCorr   .            (no gloves)
SInv    .            (no boots)
Will    .....        (no amulet)
Stlth   ++           d - +6 ring of intelligence
HPRegen 0.23/turn    (no ring)
MPRegen 0.11/turn

%: no passive effects
@: no status effects
A: no striking features
a: no special abilities


You were on level 4 of the Dungeon.
You visited 1 branch of the dungeon, and saw 4 of its levels.

You collected 105 gold pieces.

Inventory:

Hand Weapons
 h - a +0 short sword (weapon)
Armour
 a - a +0 robe (worn)
 j - a +0 helmet (worn)
Jewellery
 d - a +6 ring of intelligence (left hand)
Scrolls
 c - 6 scrolls of identify {unknown}
 f - a scroll of enchant armour {unknown}
 g - 2 scrolls of teleportation {unknown}
Potions
 b - a potion of magic
 e - a potion of lignification {unknown}
 i - a potion of experience {unknown}


   Skills:
 - Level 2.4 Dodging
 - Level 2.4 Stealth
 - Level 3.0 Spellcasting
 - Level 1.1 Conjurations
 + Level 4.7 Fire Magic


You had 7 spell levels left.
You knew the following spells:

 Your Spells              Type           Power      Damage    Failure   Level
a - Foxfire               Conj/Fire      76%        2x1d7     2%          1

Your spell library contained the following spells:

 Spells                   Type           Power      Damage    Failure   Level
 Scorch                   Fire           58%        2d7       1%          2
 Inner Flame              Hex/Fire       16%        N/A       10%         3
 Volatile Blastmotes      Fire/Tloc      32%        2d12      10%         3
 Flame Wave               Conj/Fire      19%        2d7       26%         4


Dungeon Overview and Level Annotations

Branches:
Dungeon (4/15) Zot: 23036
 Temple: D:4-7

Altars:


Message History

You conjure some foxfire!
You now have 7/9 mp.
Casting: Foxfire (safe; 2% risk of failure)
Confirm with . or Enter, or press ? or * to list all spells.
You conjure some foxfire!
The foxfire hits the orc.
The orc is lightly wounded.
You now have 6/9 mp.
Casting: Foxfire (safe; 2% risk of failure)
Confirm with . or Enter, or press ? or * to list all spells.
You conjure some foxfire!
The foxfire hits the orc.
The orc is almost dead.
The foxfire hits the orc.
You kill the orc!
You now have 5/9 mp.
Casting: Foxfire (safe; 2% risk of failure)
Confirm with . or Enter, or press ? or * to list all spells.
You conjure some foxfire!
Your foxfire dissipates!
You now have 4/9 mp.
Your foxfire dissipates! x2
You start resting.
Your foxfire dissipates! x2
Your magical contamination has completely faded away.
You start resting.
Magic restored.
MP restored: 9 You start waiting.
Done waiting.
You start putting on your armour.
You continue putting on your +0 helmet. x4
You finish putting on your +0 helmet.
A howler monkey comes into view.
The howler monkey hoots and howls with incredible vigour!
You hear an angry hiss. x2; You hear a shout!
A centaur comes into view.
The centaur wields a +0 shortbow.
The centaur shoots an arrow.
The arrow hits you!
Ouch! That really hurt!
You take 12 damage, and have 7/19 hp.
MASSIVE DAMAGE!!
The centaur shoots an arrow.
The arrow hits you!
You die...

#.<...........##.##...##
##..............####..#
##.............# #..# #
##........)...# ####
..## ##..........##
....# ###......###
.....# ##.....# ......#
###..## .......## #@.##
........####..#
.........##..##
.........#..##
...........##
.....h..h..#
..........c..
...............
..............##


You could see a centaur and a howler monkey.

Vanquished Creatures
  An adder (D:2)
  A worm (D:2)
  A dart slug (D:2)
  An orc (D:4)
  A ball python (D:1)
  3 endoplasms
  2 goblins (D:2)
  2 hobgoblins
  2 kobolds
14 creatures vanquished.

Vanquished Creatures (others)
  82 foxfires
82 creatures vanquished.

Grand Total: 96 creatures vanquished

Notes
Turn   | Place    | Note
-------+----------+-------------------------------------------
     0 | D:1      | Psyclone the Deep Elf Fire Elementalist began the quest for
                  | the Orb.
     0 | D:1      | Reached XP level 1. HP: 10/10 MP: 6/6
     0 | D:1      | Noticed a minotaur
     0 | D:1      | Noticed a gargoyle
     3 | D:1      | Noticed an elf
     5 | D:1      | Noticed a dwarf
     7 | D:1      | Noticed a dwarf
     8 | D:1      | Noticed a vine stalker
    10 | D:1      | Noticed an octopode
    10 | D:1      | Noticed an elf
    12 | D:1      | Noticed an octopode
    14 | D:1      | Noticed a demigod
    14 | D:1      | Noticed a gargoyle
    17 | D:1      | Noticed a demonspawn
    19 | D:1      | Noticed a vampire
    19 | D:1      | Noticed an octopode
   336 | D:2      | Reached skill level 4 in Fire Magic
   336 | D:2      | Reached XP level 2. HP: 15/15 MP: 2/8
   718 | D:4      | Reached XP level 3. HP: 19/19 MP: 5/9
   962 | D:4      | Noticed a centaur
   963 | D:4      | Shot with an arrow by a centaur

Illustrated notes

Levels and vault maps discovered:
D:1:      shiori_arrival_whats_in_store_for_you, layout_basic
D:2:      layout_rooms, serial_shops, shop, basic_altar
D:3:      layout_rooms, lemuel_tele_altar, nicolae_overflow_hallway_of_the_gods,
          chequers_serial_rivers_small_3
D:4:      layout_cave_pods, serial_shops, kennysheep_mini, uniq_duvessa

Skill      XL: |  1 |
---------------+----+-----
Fire Magic     | 4 |  4.7
Dodging        | |  2.4
Stealth        | |  2.4
Spellcasting   | |  3.0
Conjurations   | |  1.1

Action                     || total
---------------------------++-------
  Melee: Unarmed           ||     6
   Cast: Foxfire           ||    45
 Armour: Robe              ||     4
  Dodge: Dodged            ||     8
